 Dungeon Crawl Stone Soup version 0.29.1-12-g30fa7ad0bf (webtiles) character file.

Game seed: 15550940680662818894

282 fantasyman the Trooper (level 6, -4/68 HPs)
             Began as an Ogre Berserker on Jan 4, 2023.
             Was a Believer of Trog.
             Killed from afar by a white imp (13 damage)
             ... with a puff of frost
             ... summoned by Natasha
             ... on level 4 of the Dungeon.
             The game lasted 00:05:52 (5116 turns).

fantasyman the Trooper (Ogre Berserker)             Turns: 5116, Time: 00:05:52

Health: -4/68      AC:  3    Str: 24    XL:     6   Next: 28%
Magic:  6/6        EV: 10    Int:  8    God:    Trog [**....]
Gold:   94         SH:  0    Dex:  8    Spells: 5/5 levels left

rFire   . . .      SeeInvis .   a - +0 hand axe
rCold   . . .      Faith    .   (no shield)
rNeg    . . .      Spirit   .   b - +0 animal skin
rPois   +          Reflect  .   (helmet restricted)
rElec   .          Harm     .   (no cloak)
rCorr   .          Rampage  .   (gloves unavailable)
Will    +....                   (boots unavailable)
Stlth   +.........              (no amulet)
HPRegen 0.21/turn               d - ring of willpower
MPRegen 0.10/turn               k - ring of poison resistance

@: on berserk cooldown, hasted, very quick
A: large, unfitting armour, tough skin 1
a: Renounce Religion, Berserk, Trog's Hand


You were on level 4 of the Dungeon.
You worshipped Trog.
Trog was pleased with you.
You visited 1 branch of the dungeon, and saw 4 of its levels.

You collected 94 gold pieces.

Inventory:

Hand Weapons
 a - a +0 hand axe (weapon)
Armour
 b - a +0 animal skin (worn)
Jewellery
 d - a ring of willpower (left hand)
 k - a ring of poison resistance (right hand)
Scrolls
 f - 2 scrolls of teleportation
Potions
 c - 2 potions of haste
 e - 3 potions of attraction
 g - 3 potions of curing
 h - 2 potions of resistance {unknown}
 i - a potion of brilliance {unknown}
 j - a potion of flight {unknown}
 l - a potion of might {unknown}
 m - a potion of ambrosia {unknown}


   Skills:
 + Level 6.6 Fighting
 - Level 5.4 Axes
 - Level 2.8 Dodging


You had 5 spell levels left.
You didn't know any spells.
Your spell library was empty.

Dungeon Overview and Level Annotations

Branches:
Dungeon (4/15)
 Temple: D:4-7

Altars:
The Shining One

Shops:
D:2 ::[(=

Annotations:
D:4 Natasha


Innate Abilities, Weirdness & Mutations

You are too large for most types of armour.
You have tough skin. (AC +1)


Message History

The dart slug is severely wounded.
You hit Natasha. Natasha closely misses you. The dart slug misses you.
Natasha casts a spell.
You hit the dart slug.
The dart slug is almost dead.
You hit Natasha. The white imp gestures at you. The puff of frost hits you!
Natasha claws you but does no damage. The dart slug launches a dart at you.
The slug dart hits you but does no damage.
You miss Natasha.
Natasha is lightly wounded.
You hit the white imp but do no damage. You hit the dart slug.
You feel yourself speed up. The white imp hits you. The white imp freezes you.
Natasha claws you. The white imp gestures at you. The puff of frost hits you.
The white imp gestures at you. The puff of frost hits you.
* * * LOW HITPOINT WARNING * * *
The dart slug launches a dart at you. The slug dart misses you.
Natasha barely misses you.
You hit the dart slug but do no damage.
The dart slug is almost dead.
You hit the white imp. You hit the white imp but do no damage.
You hit Natasha but do no damage. The white imp misses you. Natasha claws you.
* * * LOW HITPOINT WARNING * * *
The white imp hits you.
* * * LOW HITPOINT WARNING * * *
The white imp freezes you.
* * * LOW HITPOINT WARNING * * *
You feel yourself speed up. The dart slug bites you.
* * * LOW HITPOINT WARNING * * *
The white imp hits you.
* * * LOW HITPOINT WARNING * * *
The white imp freezes you.
* * * LOW HITPOINT WARNING * * *
Natasha mumbles some strange words.
The white imp gestures at you. The puff of frost hits you!
You die...

##.###.. ...# .......
##...# ......#####
#...#######
..........###....#....
...........)#[#......
.....###...#))#....##
.....#.#...#))##....##
.................5...#
#...........#...@w...#
...........###..5h......
......#.....#...........
......###........5......
........................
........#...............
.....####...............
.....# #.?.............
......#


You could see an iron imp (summoned), Natasha, 2 white imps and a dart slug.

Vanquished Creatures
  An orc priest (D:4)
  Jessica (D:2)
  An iguana (D:4)
  Natasha (D:4)
  Robin (D:3)
  5 adders
  2 worms
  2 dart slugs
  9 orcs
  4 endoplasms
  3 giant cockroaches
  17 goblins
  14 hobgoblins
  5 jackals (D:3)
  5 quokkas
  4 ball pythons
  10 bats
  2 frilled lizards
  6 kobolds
  4 rats
97 creatures vanquished.

Vanquished Creatures (others)
  A plant (D:1)
1 creature vanquished.

Grand Total: 98 creatures vanquished

Notes
Turn   | Place    | Note
-------+----------+-------------------------------------------
     0 | D:1      | fantasyman the Ogre Berserker began the quest for the Orb.
     0 | D:1      | Reached XP level 1. HP: 24/24 MP: 1/1
   232 | D:1      | Reached XP level 2. HP: 25/32 MP: 2/2
  1155 | D:2      | Reached XP level 3. HP: 37/40 MP: 3/3
  1190 | D:2      | Found Kicantyu's Armour Shop.
  1205 | D:2      | Noticed Jessica
  1210 | D:2      | Killed Jessica
  1286 | D:2      | Found Ugrioplo's Weapon Emporium.
  1310 | D:2      | Found Ommi's Jewellery Shoppe.
  1329 | D:2      | Reached skill level 5 in Fighting
  1329 | D:2      | Reached XP level 4. HP: 29/50 MP: 4/4
  1567 | D:2      | Reached ** piety under Trog
  2240 | D:2      | Found Vawaegh's Book Emporium.
  2328 | D:2      | Found Meevvyte's Book Emporium.
  2653 | D:3      | Reached XP level 5. HP: 17/57 MP: 5/5
  3615 | D:3      | Reached skill level 5 in Axes
  3652 | D:3      | Noticed Robin
  3666 | D:3      | Killed Robin
  4328 | D:3      | Found a glowing golden altar of the Shining One.
  5071 | D:4      | Noticed Natasha
  5085 | D:4      | Killed Natasha
  5086 | D:4      | Reached skill level 6 in Fighting
  5086 | D:4      | Reached XP level 6. HP: 67/67 MP: 6/6
  5107 | D:4      | Noticed Natasha
  5116 | D:4      | Killed from afar by a white imp

Illustrated notes

Levels and vault maps discovered:
D:1:      denvon_arrival_planthouse, layout_basic, grunt_decor_clamped,
          minmay_misc_feat_diagonals, hex_tiny, chequers_garden
D:2:      layout_basic, serial_shops, nicolae_shop_hallway_plus,
          nicolae_shop_stone, shop, shop_fountains, nicolae_shop_trees,
          uniq_jessica
D:3:      kennysheep_goblin_castle, layout_basic, mainiacjoe_overflow_alcove_2
D:4:      layout_cave_pools, nicolae_overflow_hidden_temple,
          kennysheep_generic_room_4, uniq_natasha, uniq_ijyb

Skill      XL: |  1  2  3  4  5 |
---------------+----------------+-----
Axes           | 4 5 |  5.4
Fighting       | 5 6 |  6.6
Dodging        | |  2.8

Action                   |  1- 3 |  4- 6 || total
-------------------------+-------+-------++-------
Melee: Hand axe          |   104 |   184 ||   288
       Punch             |     3 |     2 ||     5
Invok: Berserk           |     1 |     6 ||     7
  Use: Scroll            |     1 |     5 ||     6
       Potion            |       |     1 ||     1
Armor: Animal skin       |    54 |    59 ||   113
Dodge: Dodged            |    61 |   116 ||   177
